 Dungeon Crawl Stone Soup version 0.17-a0-2064-g265a032 (webtiles) character file.

71257 brucemayne the Severer (level 15, 0/79 HPs)
             Began as a Vine Stalker Berserker on Oct 12, 2015.
             Was a High Priest of Trog.
             Slain by a swamp dragon (3 damage)
             ... on level 4 of the Swamp.
             The game lasted 01:15:42 (9259 turns).

brucemayne the Severer (Vine Stalker Berserker)     Turns: 9259, Time: 01:15:42

Health: 0/79       AC: 29    Str: 21    XL:     15   Next: 36%
Magic:  0/16       EV: 11    Int:  7    God:    Trog [*****.]
Gold:   780        SH:  0    Dex: 22    Spells: 0 memorised, 14 levels left

rFire  . . .     SeeInvis .     M - +7 battleaxe (chop)
rCold  . . .     Clarity  .     E - +7 plate armour "Faeqoaff" {Dex+3 Slay+3}
rNeg   . . .     SustAt   .     (no shield)
rPois  .         Gourm    .     p - +1 helmet
rElec  .         Spirit   +     o - +0 cloak
rCorr  .         Warding  .     a - +2 pair of gloves
rMut   .         Stasis   .     u - +0 pair of boots (curse)
MR     +++..                    V - amulet of rage
Stlth  ..........               (no ring)
                                H - +2 ring of dexterity

@: lethally poisoned (0 -> 0), regenerating, extremely resistant to hostile
enchantments, extremely unstealthy
A: fangs 3, clumsy 1, regeneration 3, magic shield, antimagic bite, no device
heal 3, rot immunity, MP-powered wands
a: Burn Spellbooks, Berserk, Trog's Hand, Brothers in Arms, Renounce Religion,
Evoke Berserk Rage


You were on level 4 of the Swamp.
You worshipped Trog.
Trog was extremely pleased with you.
You were hungry.

You visited 4 branches of the dungeon, and saw 29 of its levels.

You collected 1914 gold pieces.
You spent 1134 gold pieces at shops.

Inventory:

Hand Weapons
 w - a +0 hand axe of flaming
 z - a +2 war axe of freezing
 M - a +7 battleaxe of chopping (weapon)
 N - a +3 antimagic broad axe
Missiles
 g - 6 steel javelins (quivered)
 C - 4 curare-tipped needles
Armour
 a - a +2 pair of gloves (worn)
 m - a +0 shield of reflection
 o - a +0 cloak (worn)
 p - a +1 helmet (worn)
 u - a cursed +0 pair of boots (worn)
 x - a +0 shield
 E - the +7 plate armour "Faeqoaff" (worn) {Dex+3 Slay+3}
   (You bought it in a shop on level 4 of the Orcish Mines)

   It affects your dexterity (+3).
   It affects your accuracy and damage with ranged weapons and melee attacks
   (+3).
 U - a swamp dragon hide
Jewellery
 q - an uncursed amulet of faith
 y - an uncursed amulet of warding
 F - an uncursed amulet of clarity
 H - a +2 ring of dexterity (left hand)
 V - an amulet of rage (around neck)
Wands
 e - a wand of lightning (9)
 h - a wand of draining (8)
 j - a wand of heal wounds (3)
 I - a wand of slowing (27)
 J - a wand of random effects (30)
 W - a wand of paralysis (14)
Scrolls
 f - a scroll of summoning
 i - a scroll of recharging
 n - 4 scrolls of remove curse
 s - a scroll of fog
 B - a scroll of noise {unknown}
 D - 3 scrolls of teleportation
 T - a scroll of brand weapon {unknown}
Potions
 b - 2 potions of resistance
 k - a potion of curing
 r - a potion of berserk rage
 t - 3 potions of lignification
 A - a potion of agility
 L - 2 potions of might
 P - a potion of invisibility {unknown}
 R - a potion of flight
 S - 2 potions of cure mutation
Miscellaneous
 l - a disc of storms
 G - a phantom mirror
 K - a disc of storms
 O - a plain deck of defence
Comestibles
 c - 5 meat rations
 d - 3 fruits
 v - 6 bread rations


   Skills:
 - Level 9.0 Fighting
 + Level 18.6 Axes
 - Level 9.3 Armour
 - Level 7.0 Dodging


You had 14 spell levels left.
You didn't know any spells.

Dungeon Overview and Level Annotations

Branches:
Dungeon (13/15)              Lair (8/8) D:11          Swamp (4/4) Lair:5
 Spider (0/4) Lair:3          Orc (4/4) D:11            Elf (0/3) Orc:3
 Temple: D:4-7        Slime: Lair:6-8    Vaults: D:13-14

Altars:
Fedhas
Makhleb
Vehumet
Yredelemnul
Zin
Beogh

Shops:
Orc:4 [}}!

Annotations:
D:8 Gastronok
Orc:2 Sonja


Innate Abilities, Weirdness & Mutations

You have razor-sharp teeth.
You regenerate.
When hurt, damage is shared between your health and your magic reserves.
Your bite disrupts and absorbs the magic of your enemies.
Potions and wands cannot restore your health.
You are immune to rotting.
You are clumsy. (Dex -2)
You expend magic power (3 MP) to strengthen your wands.


Message History

You are more poisoned.
* * * LOW HITPOINT WARNING * * *
You feel very sick.
The swamp dragon bites you but does no damage.
The swamp dragon claws you!
* * * LOW HITPOINT WARNING * * *
The swamp dragon tramples you but does no damage.
The hell beast barks, "Beg for mercy, thou tasty curdle!"
A green death comes into view.
Unknown command.
Drink which item? (? for menu, Esc to quit)
You feel better.
You are engulfed in poison gas.
You are poisoned.
* * * LOW HITPOINT WARNING * * *
You feel sick.
The green death moves out of view.
The hell beast is engulfed in poison gas.
The hell beast is poisoned.
The swamp dragon completely misses you.
The swamp dragon claws you but does no damage.
The swamp dragon tramples you.
You die...

#♣♣######
.≈.≈≈≈..♣###
≈≈#.J.≈≈≈≈.#
≈≈u#≈≈###§§♣ #
#≈≈# ##§♣♣ #≈≈#
#§§♣ ≈J#≈≈# ##§§♣
≈≈≈≈.≈≈##2@§# ≈≈
#≈.≈J§D§≈#
≈#♣≈#≈#§§♣
.≈≈#≈#≈#§♣#♣♣♣♣♣♣
.≈≈≈§≈≈§§#♣....≈♣
#≈≈≈##≈.≈#≈.≈≈.♣♣
♣♣♣ .≈.#
#≈≈≈♣#.§≈≈.♣ ♣§♣
≈≈# #≈.≈♣#≈.≈≈.♣
♣≈. ≈≈.
#≈≈.#≈..≈≈≈♣
♣♣♣≈≈


You could see a hell beast, a swamp dragon and a slime creature.

Vanquished Creatures
  Donald (Swamp:2)
  The ghost of Yermak the Unseen, an adept OpAs of Dithmenos (Swamp:4)
  Erolcha (Orc:1)
  8 hydras
  A centaur warrior (D:12)
  A catoblepas (Lair:5)
  An alligator (Swamp:2)
  4 orc high priests (Orc:4)
  9 death yaks
  A fire crab (Lair:8)
  Nergalle (D:12)
  6 swamp dragons (Swamp:4)
  A shambling mangrove (Swamp:4)
  3 orc knights (Orc:4)
  A griffon (Lair:8)
  An orc sorcerer (Orc:4)
  A hill giant (D:12)
  9 elephants
  2 ugly things
  2 black mambas
  Maurice (D:13)
  An orange demon (Swamp:4)
  19 spiny frogs
  6 komodo dragons
  A troll (D:12)
  A fire drake (Lair:5)
  Grinder (D:4)
  5 giant leeches
  19 blink frogs
  9 bog bodies
  A wraith (D:12)
  8 slime creatures
  3 basilisks
  4 shadows (Swamp:4)
  4 spriggans
  2 deep elf magi (D:12)
  6 vampire mosquitoes
  27 yaks
  2 wyverns
  A large abomination (Swamp:4)
  2 hippogriffs
  6 swamp worms
  3 wargs
  3 insubstantial wisps (Swamp:4)
  3 water moccasins
  17 orc warriors
  6 porcupines
  15 wolves
  An eye of draining (D:8)
  4 swamp drakes
  6 wasps
  2 sky beasts
  An ice beast (D:5)
  A black bear (D:6)
  7 ogres
  A centaur (D:7)
  12 crocodiles
  A big kobold (D:12)
  25 giant frogs
  A wyvern zombie (D:12)
  2 scorpions
  3 killer bees (D:11)
  3 wights (D:9)
  2 electric eels
  3 crimson imps
  3 quasits
  A giant frog skeleton (D:5)
  22 orc priests
  7 jellies
  2 centaur zombies
  24 orc wizards
  3 iguanas
  2 hounds
  8 sheep (Lair:5)
  3 worker ants
  40 river rats
  9 adders
  2 shadow imps
  A worm (D:6)
  2 giant geckos
  145 orcs
  A hobgoblin (D:2)
  3 jackals (D:4)
  3 quokkas
  A goblin (D:2)
  5 kobolds (D:12)
  2 quokka skeletons
  3 rats
  4 briar patches (Swamp:3)
  8 fungi
  9 plants
619 creatures vanquished.

Vanquished Creatures (collateral kills)
  A thorn hunter (Swamp:3)
  A green death (Swamp:4)
  A hydra (Swamp:3)
  An alligator (Swamp:1)
  A thrashing horror (Swamp:4)
  An orc high priest (Orc:4)
  2 slime creatures (Swamp:4)
  A swamp dragon (Swamp:1)
  An orc knight (Orc:4)
  An ugly thing (Swamp:4)
  A hornet (Swamp:3)
  2 spiny frogs (Lair:8)
  A giant leech (Lair:8)
  A large abomination (Swamp:4)
  3 vampire mosquitoes
  3 orc warriors (Orc:4)
  2 briar patches (Swamp:3)
  2 plants
26 creatures vanquished.

Vanquished Creatures (others)
  A spiny frog (Swamp:4)
  A briar patch (Swamp:3)
  A bush (Lair:8)
  12 fungi
  10 plants (Lair:8)
25 creatures vanquished.

Grand Total: 670 creatures vanquished

Notes
Turn   | Place    | Note
--------------------------------------------------------------
     0 | D:1      | brucemayne the Vine Stalker Berserker began the quest for the Orb.
     0 | D:1      | Reached XP level 1. HP: 11/11 MP: 2/2
    90 | D:1      | Reached skill level 3 in Axes
   224 | D:4      | Noticed a hound
   231 | D:4      | Killed a hound
   231 | D:4      | Reached XP level 2. HP: 16/16 MP: 1/3
   231 | D:4      | Reached XP level 3. HP: 19/19 MP: 1/4
   368 | D:4      | Noticed an orc priest
   375 | D:4      | Killed an orc priest
   375 | D:4      | Reached skill level 4 in Axes
   375 | D:4      | Reached XP level 4. HP: 23/23 MP: 5/5
   411 | D:4      | Noticed Grinder
   411 | D:4      | Paralysed by Grinder for 3 turns
   420 | D:4      | Killed Grinder
   420 | D:4      | Reached skill level 6 in Axes
   420 | D:4      | Reached XP level 5. HP: 18/27 MP: 6/6
   420 | D:4      | Gained mutation: You heal very quickly. [Vine Stalker growth]
   420 | D:4      | Reached XP level 6. HP: 21/32 MP: 7/7
   526 | D:5      | Entered Level 5 of the Dungeon
   596 | D:5      | Reached ** piety under Trog
   596 | D:5      | Reached skill level 7 in Axes
   596 | D:5      | Reached XP level 7. HP: 18/35 MP: 4/8
   718 | D:5      | Reached skill level 8 in Axes
   805 | D:6      | Gained mutation: You have razor-sharp teeth. [Vine Stalker growth]
   805 | D:6      | Reached XP level 8. HP: 39/39 MP: 9/9
   809 | D:6      | Gained mutation: You are frail (-10% HP). [mutagenic meat]
   810 | D:6      | Gained mutation: You have a pair of small antennae on your head. [mutagenic meat]
   856 | D:6      | Found a blossoming altar of Fedhas.
   890 | D:6      | Reached skill level 9 in Axes
  1044 | D:8      | Gained mutation: You evolve. [potion of mutation]
  1044 | D:8      | Gained mutation: Your flesh is cold resistant. [potion of mutation]
  1044 | D:8      | Gained mutation: Scrolls take you a little longer to read. [potion of mutation]
  1104 | D:8      | Noticed Gastronok
  1163 | D:7      | Reached skill level 10 in Axes
  1231 | D:7      | Reached XP level 9. HP: 25/38 MP: 10/10
  1301 | D:7      | Found a glowing silver altar of Zin.
  1441 | D:8      | Found a basalt altar of Yredelemnul.
  1589 | D:10     | Entered Level 10 of the Dungeon
  1633 | D:10     | Reached skill level 11 in Axes
  1853 | D:11     | Reached *** piety under Trog
  1927 | D:11     | Found a staircase to the Lair.
  1967 | D:12     | Noticed Nergalle
  1997 | D:12     | Killed Nergalle
  1997 | D:12     | Reached skill level 12 in Axes
  2080 | D:12     | Noticed a centaur warrior
  2089 | D:12     | Killed a centaur warrior
  2089 | D:12     | Reached skill level 13 in Axes
  2089 | D:12     | Reached XP level 10. HP: 39/42 MP: 11/11
  2126 | D:12     | Noticed a four-headed hydra
  2328 | D:12     | Killed a one-headed hydra
  2379 | D:12     | Noticed a hill giant
  2396 | D:12     | Killed a hill giant
  2396 | D:12     | Reached skill level 14 in Axes
  2461 | D:12     | Noticed a white ugly thing
  2472 | D:12     | Killed a white ugly thing
  2490 | D:12     | Gained mutation: You are clumsy. (Dex -2) [mutagenic meat]
  2491 | D:12     | Gained mutation: You expend magic power (3 MP) to strengthen your wands. [mutagenic meat]
  2493 | D:12     | Lost mutation: You evolve. [mutagenic meat]
  2563 | D:12     | Reached XP level 11. HP: 45/45 MP: 12/12
  2650 | D:13     | Noticed Maurice
  2669 | D:13     | Killed Maurice
  2891 | D:11     | Reached **** piety under Trog
  2937 | D:11     | Found a staircase to the Orcish Mines.
  2958 | Orc:1    | Entered Level 1 of the Orcish Mines
  3097 | Orc:1    | Noticed Erolcha
  3106 | Orc:1    | Killed Erolcha
  3106 | Orc:1    | Reached skill level 15 in Axes
  3115 | Orc:1    | Noticed an orc knight
  3244 | Orc:1    | Reached ***** piety under Trog
  3329 | Orc:4    | Entered Level 4 of the Orcish Mines
  3429 | Orc:3    | Found a staircase to the Elven Halls.
  3477 | Orc:2    | Noticed Sonja
  3628 | Orc:4    | Found a burning altar of Makhleb.
  3879 | Orc:4    | Received a gift from Trog
  3928 | Orc:4    | Found a roughly hewn altar of Beogh.
  3998 | Orc:4    | Noticed an orc knight
  4036 | Orc:4    | Killed an orc knight
  4095 | Orc:4    | Noticed an orc high priest
  4120 | Orc:4    | Killed an orc high priest
  4259 | Orc:4    | Noticed an orc knight
  4286 | Orc:4    | Killed an orc knight
  4320 | Orc:4    | Noticed an orc high priest
  4351 | Orc:4    | Killed an orc high priest
  4351 | Orc:4    | Reached skill level 5 in Fighting
  4351 | Orc:4    | Gained mutation: You regenerate. [Vine Stalker growth]
  4351 | Orc:4    | Reached XP level 12. HP: 54/54 MP: 13/13
  4397 | Orc:4    | Noticed an orc high priest
  4404 | Orc:4    | Killed an orc high priest
  4488 | Orc:4    | Noticed an orc knight
  4491 | Orc:4    | Noticed an orc knight
  4501 | Orc:4    | Killed an orc knight
  4501 | Orc:4    | Reached skill level 16 in Axes
  4513 | Orc:4    | Killed an orc knight
  4524 | Orc:4    | Noticed an orc high priest
  4524 | Orc:4    | Noticed an orc high priest
  4527 | Orc:4    | Found Ycufum's Distillery.
  4527 | Orc:4    | Found Pilokaoll's Gadget Boutique.
  4530 | Orc:4    | Killed an orc high priest
  4531 | Orc:4    | Found Vauh's Gadget Shop.
  4531 | Orc:4    | Found Fuerasybra's Armour Boutique.
  4532 | Orc:4    | Killed an orc high priest
  4544 | Orc:4    | Bought the +7 plate armour "Faeqoaff" {Dex+3 Slay+3} for 839 gold pieces
  4564 | Orc:4    | Bought a +2 pair of gloves for 165 gold pieces
  4576 | Orc:4    | Bought a potion of resistance for 130 gold pieces
  4812 | Lair:1   | Entered Level 1 of the Lair of Beasts
  5057 | Lair:2   | Reached skill level 5 in Armour
  5109 | Lair:2   | Received a gift from Trog
  5210 | Lair:5   | Noticed a catoblepas
  5270 | Lair:5   | Found a radiant altar of Vehumet.
  5326 | Lair:5   | Killed a catoblepas
  5735 | Lair:6   | Noticed a death yak
  5737 | Lair:6   | Noticed a death yak
  5739 | Lair:6   | Noticed a death yak
  5741 | Lair:6   | Noticed a death yak
  5789 | Lair:6   | Killed a death yak
  5789 | Lair:6   | Reached XP level 13. HP: 58/58 MP: 14/14
  5790 | Lair:6   | Killed a death yak
  5793 | Lair:6   | Killed a death yak
  5794 | Lair:6   | Received a gift from Trog
  5797 | Lair:6   | Killed a death yak
  5818 | Lair:6   | Lost mutation: You are frail (-10% HP). [potion of cure mutation]
  5818 | Lair:6   | Lost mutation: Scrolls take you a little longer to read. [potion of cure mutation]
  5818 | Lair:6   | Lost mutation: You have a pair of small antennae on your head. [potion of cure mutation]
  5818 | Lair:6   | Lost mutation: Your flesh is cold resistant. [potion of cure mutation]
  5872 | Lair:7   | FUCK.
  5977 | Lair:8   | Entered Level 8 of the Lair of Beasts
  6186 | Lair:8   | Received a gift from Trog
  6210 | Lair:8   | Reached skill level 5 in Dodging
  6648 | Lair:8   | Reached XP level 14. HP: 70/70 MP: 15/15
  6817 | Lair:7   | Reached ****** piety under Trog
  6855 | Lair:7   | Received a gift from Trog
  7585 | Lair:3   | Found a hole to the Spider Nest.
  8007 | Lair:5   | Found a staircase to the Swamp.
  8049 | Swamp:1  | Entered Level 1 of the Swamp
  8109 | Swamp:2  | Noticed Donald
  8119 | Swamp:2  | Killed Donald
  8312 | Swamp:3  | Reached skill level 17 in Axes
  8339 | Swamp:3  | Noticed a thorn hunter
  8349 | Swamp:3  | Killed a thorn hunter
  8362 | Swamp:4  | Entered Level 4 of the Swamp
  8409 | Swamp:4  | Received a gift from Trog
  8727 | Swamp:4  | Noticed Yermak's ghost (adept OpAs)
  8842 | Swamp:3  | Reached XP level 15. HP: 54/79 MP: 16/16
  8962 | Swamp:4  | Reached skill level 18 in Axes
  8967 | Swamp:4  | Killed Yermak's ghost
  9259 | Swamp:4  | HP: 3/79 [poisoned by a swamp dragon (poison gas)]
  9259 | Swamp:4  | Slain by a swamp dragon

Vault maps used:
D:1:      dpeg_arrival_tiny_a
D:2:      uniq_iyjb
D:3:      kennysheep_goblin_castle, first_bread, mrwooster_statue_mirror
D:4:      uniq_grinder
D:5:      minmay_temple_entry_trees, serial_curves, eino_curves_03,
          eino_curves_04, eino_curves_03, eino_curves_03, sword_in_stone,
          uniq_pikel
D:6:      corexii_shantytown, serial_shops, nicolae_shop_crystal,
          fedhas_altar_1, uniq_edmund
D:7:      zin_statuary, hex_tiny, the_bakery
D:8:      lemuel_round_altar, lemuel_round_altar, uniq_gastronok
D:9:      okawaru_altar_gauntlet_db
D:10:     basic_altar, uniq_fannar, uniq_maud, uniq_urug
D:11:     erik_lair_orcish_takeover, hiddenorc1_lemuel
D:12:     bh_walls_and_bars, uniq_nergalle
D:13:     lightli_vaults_fourway_checkpoint, basic_altar, serial_shops, shop,
          uniq_maurice, uniq_azrael
Lair:2:   cheibrodos_lair_reptile_den, lemuel_fruit_fields, lemuel_fruit_fields
Lair:3:   dummy_spider_entry, wad_woods_02
Lair:5:   swamp_mist, basic_altar, infiniplex_staircase_pool
Lair:6:   grunt_megastairs_3
Lair:7:   nicolae_quartered_pool_medium, minivault_27
Lair:8:   minmay_lair_end_frog_pond, minmay_slime_entry_pillars
Swamp:1:  hangedman_swamp_lotus
Swamp:2:  evilmike_swamp_ruin_rubble_2, nicolae_swamp_feature_on_the_river_bank,
          uniq_aizul, uniq_donald
Swamp:3:  hangedman_swamp_ruin_hall, swamp_pool2
Swamp:4:  swamp_vile, swamp_pool5
Orc:1:    basic_altar, uniq_erolcha
Orc:2:    uniq_sonja
Orc:3:    serial_shops, nicolae_orc_pool_cavern, mines_bat_river
Orc:4:    st_orc_pillars, basic_altar, mines2_david

Action                   |  1- 3 |  4- 6 |  7- 9 | 10-12 | 13-15 || total
-------------------------+-------+-------+-------+-------+-------++-------
Melee: Hand axe          |    30 |    44 |   140 |     4 |    38 ||   256
       War axe           |       |       |    54 |   632 |   532 ||  1218
       Battleaxe         |       |       |       |       |   126 ||   126
Invok: Berserk           |     2 |     3 |     9 |    18 |     5 ||    37
       Trog's Hand       |       |       |     3 |    12 |     6 ||    21
       Brothers in Arms  |       |       |       |     3 |     7 ||    10
Evoke: Wand              |       |       |       |     1 |     1 ||     2
  Use: Potion            |       |     1 |     3 |     2 |     8 ||    14
       Scroll            |       |       |     6 |     7 |     6 ||    19
 Stab: Sleeping          |     1 |       |       |       |       ||     1
       Distracted        |       |       |       |     1 |     1 ||     2
  Eat: Chunk             |       |     3 |     6 |    31 |    14 ||    54
       Bread ration      |       |       |     2 |     1 |       ||     3
       Fruit             |       |       |     1 |     2 |     7 ||    10
       Beef jerky        |       |       |       |     1 |       ||     1
